 Dungeon Crawl Stone Soup version 0.21.0-37-g46506fa (webtiles) character file.

536 tidbits the Digger (level 7, 51/51 HPs)
             Began as a Gnoll Earth Elementalist on Feb 1, 2018.
             Quit the game on level 5 of the Dungeon.
             The game lasted 00:08:47 (763 turns).

tidbits the Digger (Gnoll Earth Elementalist)        Turns: 763, Time: 00:08:48

Health: 51/51      AC:  3    Str: 11    XL:     7   Next: 25%
Magic:  15/15      EV: 15    Int: 19    God:
Gold:   108        SH:  0    Dex: 15    Spells: 14/17 levels left

rFire    . . .     SeeInvis .   a - +0 dagger
rCold    . . .     Gourm    .   (no shield)
rNeg     . . .     Faith    .   B - +1 robe
rPois    .         Spirit   .   (no helmet)
rElec    .         Reflect  .   (no cloak)
rCorr    .         Harm     .   (no gloves)
MR       .....                  (no boots)
Stlth    +++.......             k - amulet of inaccuracy (curse)
HPRegen  0.17/turn              (no ring)
MPRegen  0.14/turn              (no ring)

@: no status effects
A: distributed training, fangs 1, strong nose
a: no special abilities


You were on level 5 of the Dungeon.
You were not hungry.

You visited 1 branch of the dungeon, and saw 5 of its levels.

You collected 108 gold pieces.

Inventory:

Hand Weapons
 a - a +0 dagger (weapon)
 f - a +0 whip of flaming
   (You took it off Pikel on level 3 of the Dungeon)
Missiles
 b - 44 stones (quivered)
 d - 2 tomahawks
Armour
 B - a +1 robe (worn)
Jewellery
 k - a cursed amulet of inaccuracy (around neck)
   (You found it on level 5 of the Dungeon)
Potions
 i - a potion of resistance {unknown}
 j - a potion of cancellation
 m - a potion of brilliance
Books
 e - a book of Geomancy

   Spells                             Type                      Level
   a - Sandblast                      Earth                        1
   b - Passwall                       Transmutation/Earth          2
   c - Stone Arrow                    Conjuration/Earth            3
   d - Petrify                        Transmutation/Earth          4
   e - Lee's Rapid Deconstruction     Earth                        5
Comestibles
 c - 3 rations


   Skills:
 + Level 2.3 Fighting
 + Level 2.3 Short Blades
 + Level 2.3 Long Blades
 + Level 2.3 Axes
 + Level 2.3 Maces & Flails
 + Level 2.3 Polearms
 + Level 2.3 Staves
 + Level 2.3 Slings
 + Level 2.3 Bows
 + Level 2.3 Crossbows
 + Level 2.3 Throwing
 + Level 2.3 Armour
 + Level 5.1 Dodging
 + Level 4.8 Stealth
 + Level 2.3 Shields
 + Level 2.3 Unarmed Combat
 + Level 5.5 Spellcasting
 + Level 1.9 Conjurations
 + Level 1.9 Hexes
 + Level 1.9 Charms
 + Level 1.9 Summonings
 + Level 1.9 Necromancy
 + Level 1.9 Translocations
 + Level 2.9 Transmutations
 + Level 1.9 Fire Magic
 + Level 1.9 Ice Magic
 + Level 1.9 Air Magic
 + Level 5.8 Earth Magic
 + Level 1.9 Poison Magic
 + Level 2.5 Invocations
 + Level 2.3 Evocations


You had 14 spell levels left.
You knew the following spells:

 Your Spells              Type           Power        Failure   Level  Hunger
a - Sandblast             Erth           ####..       1%          1    None
p - Passwall              Tmut/Erth      ###.......   3%          2    None


Dungeon Overview and Level Annotations

Branches:
Dungeon (5/15)
 Temple: D:4-7

Altars:


Innate Abilities, Weirdness & Mutations

Your experience applies equally to all skills.
You have very sharp teeth.
Your uncanny sense of smell can sniff out nearby items.


Message History

Found 2 tomahawks.
There is a stone staircase leading down here.
You climb downwards.
There is a stone staircase leading up here.
Unknown command.
You climb upwards.
There is a stone staircase leading down here.
Unknown command.
You see here 2 tomahawks.
d - 2 tomahawks You open the door.
Found 15 gold pieces.
There is an open door here.
You see here 15 gold pieces.
You now have 100 gold pieces (gained 15).
You open the door.
There is an open door here.
Found a scroll labeled TISUFFA HEO.
You see here a scroll labeled RERHOT YRAT.
g - a scroll labeled RERHOT YRAT
Found 8 gold pieces.
You see here a scroll labeled TISUFFA HEO.
h - a scroll labeled TISUFFA HEO You see here 8 gold pieces.
You now have 108 gold pieces (gained 8).
You open the door.
There is an open door here.
As you open the door, it creaks loudly!
There is an open door here.
You open the door.
Found 22 arrows.
There is an open door here.
You open the door. You open the door.
There is an open door here.
You open the door.
There is an open door here.
There is a stone staircase leading down here.
You climb downwards.
There is a stone staircase leading up here.
Unknown command.
Unknown command.
As you open the door, it creaks loudly!
There is an open door here.
You open the door.
There is an open door here.
Unknown command.
As you open the door, it creaks loudly!
A ball python comes into view.
The ball python hisses angrily.
There is an open door here.
Casting: Sandblast
Confirm with . or Enter, or press ? or * to list all spells.
Aiming: Sandblast
Press: ? - help, Shift-Dir - straight line, f - ball python
Aim: a ball python The blast of sand hits the ball python.
You kill the ball python!
b - 44 stones You open the door.
Unknown command.
A hound comes into view.
There is an open door here.
The helpless hound fails to defend itself.
You impale the hound!!
You kill the hound!
You open the door.
There is an open door here.
There is an open door here.
There is a stone staircase leading up here.
You open the door.
There is an open door here.
You open the door.
Found a potion of cancellation and a large silver amulet.
There is an open door here.
You see here a large silver amulet.
k - a large silver amulet Put on which piece of jewellery? (? for menu, Esc to quit)
Oops, that amulet feels deathly cold.
k - a cursed amulet of inaccuracy (around neck)
As you read the scroll labeled TISUFFA HEO, it crumbles to dust.
The air around you briefly surges with heat, but it dissipates.
It was a scroll of immolation.
Casting: Sandblast
Confirm with . or Enter, or press ? or * to list all spells.
You can't see any susceptible monsters within range! (Use Z to cast anyway.)
As you read the scroll labeled RERHOT YRAT, it crumbles to dust.
You hear a loud clanging noise!
It was a scroll of noise.
You hear an angry hiss.
You hear a shout! x2
Unknown command.
As you read the scroll labeled OMA AWKUAFE, it crumbles to dust.
You feel strangely unstable.
It was a scroll of teleportation.
Unknown command.
Unknown command.
Unknown command.
Your surroundings suddenly seem different.
Found an amulet of inaccuracy.
An iguana comes into view.
Are you sure you want to abandon this character and quit the game? (Confirm with "yes".)

##### #########
....# ...l....#
....# ........#
....# ........#
....# ......".#
....# ........#
....##
........#######
.....#
#.@.......
.....#
#.......#.
.....#
#.......#
.....#
#.......#
.....###
#.......#
..#'#..#
.#####....
..#....# . ....
..#....# .. ...
..#<...#


You could see an iguana (sleeping).

Vanquished Creatures
  Pikel (D:3)
  A hound (D:5)
  4 adders
  2 dart slugs
  A leopard gecko (D:2)
  A bat (D:1)
  A giant cockroach (D:1)
  2 goblins (D:2)
  3 hobgoblins
  3 jackals (D:1)
  A ball python (D:5)
  4 frilled lizards
  2 kobolds (D:1)
  3 rats (D:1)
29 creatures vanquished.

Vanquished Creatures (others)
  2 orcs (D:4)
2 creatures vanquished.

Grand Total: 31 creatures vanquished

Notes
Turn   | Place    | Note
-------+----------+-------------------------------------------
     0 | D:1      | tidbits the Gnoll Earth Elementalist began the quest for the Orb.
     0 | D:1      | Reached XP level 1. HP: 13/13 MP: 6/6
    61 | D:1      | Reached skill level 2 in Transmutations
    69 | D:1      | Reached XP level 2. HP: 11/19 MP: 0/7
   126 | D:1      | Learned a level 2 spell: Passwall
   320 | D:2      | Reached skill level 5 in Spellcasting
   320 | D:2      | Reached XP level 3. HP: 20/25 MP: 1/9
   357 | D:2      | Reached skill level 1 in Invocations
   391 | D:3      | Reached skill level 1 in Fighting
   391 | D:3      | Reached skill level 1 in Short Blades
   391 | D:3      | Reached skill level 1 in Long Blades
   391 | D:3      | Reached skill level 1 in Axes
   391 | D:3      | Reached skill level 1 in Maces & Flails
   391 | D:3      | Reached skill level 1 in Polearms
   391 | D:3      | Reached skill level 1 in Staves
   391 | D:3      | Reached skill level 1 in Slings
   391 | D:3      | Reached skill level 1 in Bows
   391 | D:3      | Reached skill level 1 in Crossbows
   391 | D:3      | Reached skill level 1 in Throwing
   391 | D:3      | Reached skill level 1 in Armour
   391 | D:3      | Reached skill level 1 in Shields
   391 | D:3      | Reached skill level 1 in Unarmed Combat
   391 | D:3      | Reached skill level 1 in Evocations
   416 | D:3      | Reached XP level 4. HP: 27/32 MP: 7/11
   440 | D:4      | Noticed Pikel
   441 | D:4      | Noticed a slave
   441 | D:4      | Noticed a slave
   442 | D:4      | Noticed a slave
   442 | D:4      | Noticed a slave
   468 | D:3      | HP: 2/32 [Pikel/whip of flaming (5)]
   484 | D:3      | Killed Pikel
   484 | D:3      | Reached skill level 2 in Fighting
   484 | D:3      | Reached skill level 2 in Short Blades
   484 | D:3      | Reached skill level 2 in Long Blades
   484 | D:3      | Reached skill level 2 in Axes
   484 | D:3      | Reached skill level 2 in Maces & Flails
   484 | D:3      | Reached skill level 2 in Polearms
   484 | D:3      | Reached skill level 2 in Staves
   484 | D:3      | Reached skill level 2 in Slings
   484 | D:3      | Reached skill level 2 in Bows
   484 | D:3      | Reached skill level 2 in Crossbows
   484 | D:3      | Reached skill level 2 in Throwing
   484 | D:3      | Reached skill level 2 in Armour
   484 | D:3      | Reached skill level 5 in Dodging
   484 | D:3      | Reached skill level 2 in Shields
   484 | D:3      | Reached skill level 2 in Unarmed Combat
   484 | D:3      | Reached skill level 1 in Conjurations
   484 | D:3      | Reached skill level 1 in Hexes
   484 | D:3      | Reached skill level 1 in Charms
   484 | D:3      | Reached skill level 1 in Summonings
   484 | D:3      | Reached skill level 1 in Necromancy
   484 | D:3      | Reached skill level 1 in Translocations
   484 | D:3      | Reached skill level 1 in Fire Magic
   484 | D:3      | Reached skill level 1 in Ice Magic
   484 | D:3      | Reached skill level 1 in Air Magic
   484 | D:3      | Reached skill level 1 in Poison Magic
   484 | D:3      | Reached skill level 2 in Invocations
   484 | D:3      | Reached skill level 2 in Evocations
   484 | D:3      | Reached XP level 5. HP: 5/38 MP: 0/13
   484 | D:3      | Reached XP level 6. HP: 5/44 MP: 0/14
   484 | D:3      | Reached XP level 7. HP: 6/50 MP: 0/15
   579 | D:5      | Entered Level 5 of the Dungeon
   763 | D:5      | Quit the game

Skill      XL: |  1  2  3  4 |
---------------+-------------+-----
Transmutations | 2 |  2.9
Spellcasting   | 5 |  5.5
Invocations    | 1 2 |  2.5
Fighting       | 1 2 |  2.3
Short Blades   | 1 2 |  2.3
Long Blades    | 1 2 |  2.3
Axes           | 1 2 |  2.3
Maces & Flails | 1 2 |  2.3
Polearms       | 1 2 |  2.3
Staves         | 1 2 |  2.3
Slings         | 1 2 |  2.3
Bows           | 1 2 |  2.3
Crossbows      | 1 2 |  2.3
Throwing       | 1 2 |  2.3
Armour         | 1 2 |  2.3
Shields        | 1 2 |  2.3
Unarmed Combat | 1 2 |  2.3
Evocations     | 1 2 |  2.3
Dodging        | 5 |  5.1
Conjurations   | 1 |  1.9
Hexes          | 1 |  1.9
Charms         | 1 |  1.9
Summonings     | 1 |  1.9
Necromancy     | 1 |  1.9
Translocations | 1 |  1.9
Fire Magic     | 1 |  1.9
Ice Magic      | 1 |  1.9
Air Magic      | 1 |  1.9
Poison Magic   | 1 |  1.9
Stealth        | |  4.8
Earth Magic    | |  5.8

Action                   |  1- 3 |  4- 6 |  7- 9 || total
-------------------------+-------+-------+-------++-------
Melee: Dagger            |    29 |     4 |     1 ||    34
       Bite              |     2 |     1 |       ||     3
       Punch             |     1 |       |       ||     1
       Unarmed           |       |     6 |       ||     6
 Cast: Sandblast         |    29 |     9 |     1 ||    39
       Passwall          |     3 |     1 |       ||     4
  Use: Potion            |       |     5 |       ||     5
       Scroll            |       |       |     5 ||     5
 Stab: Sleeping          |     6 |       |     1 ||     7
Armor: Robe              |     2 |       |       ||     2
       Skin              |       |     3 |       ||     3
Dodge: Dodged            |    37 |     3 |       ||    40

Table legend:
 A = Turns spent in this place as a percentage of turns spent in the entire game.
 B = Non-inter-level travel turns spent in this place as a percentage of non-inter-level travel turns spent in the entire game.
 C = Inter-level travel turns spent in this place as a percentage of turns spent in this place.
 D = Turns resting spent in this place as a percentage of non-inter-level travel turns spent in this place.
 E = Turns spent auto-exploring this place as a percentage of non-inter-level travel turns spent in this place.
 F = Non-inter-level travel turns spent in this place divided by the number of levels of this place that you've seen.
                   A       B       C       D       E      F
               +-------+-------+-------+-------+-------+----------------------
         Total | 100.0 | 100.0 |   1.6 |   0.0 |   0.0 | 150.2
       Dungeon | 100.0 | 100.0 |   1.6 |   0.0 |   0.0 | 150.2
               +-------+-------+-------+-------+-------+----------------------

Table legend:
 A = Kills in this place as a percentage of kills in entire the game.
 B = Kills by you in this place as a percentage of kills by you in the entire game.
 C = Kills by friends in this place as a percentage of kills by friends in the entire game.
 D = Other kills in this place as a percentage of other kills in the entire game.
 E = Experience gained in this place as a percentage of experience gained in the entire game.
 F = Experience gained in this place divided by the number of levels of this place that you have seen.
                   A       B       C       D       E      F
               +-------+-------+-------+-------+-------+----------------------
         Total | 100.0 | 100.0 |   N/A |   N/A | 100.0 | 153.2
       Dungeon | 100.0 | 100.0 |   N/A |   N/A | 100.0 | 153.2
               +-------+-------+-------+-------+-------+----------------------

Vault maps used:
D:1:      dpeg_arrival_shrine, grunt_decor_cap, minmay_pentomino_q2
D:2:      first_ration
D:3:      xom_teletrap_fun, serial_bayou, serial_bayou_pond_a,
          serial_bayou_pond_a, serial_bayou_crossing, serial_bayou_shore_b
D:4:      lemuel_tele_altar, uniq_pikel
D:5:      elyvilon_altar_3, uniq_ijyb
